 Dungeon Crawl Stone Soup version 0.31-a0-187-gba352fbbf7 (webtiles) character file.

Game seed: 2614427269699458171

170 qw the Skirmisher (level 5, -3/29 HPs)
             Began as a Deep Elf Hunter on June 22, 2023.
             Slain by a kobold brigand
             ... wielding a +0 short sword
              (5 damage)
             ... in a sewer.
             The game lasted 00:00:56 (2295 turns).

qw the Skirmisher (Deep Elf Hunter)                 Turns: 2295, Time: 00:00:57

Health: -3/29      AC:  7    Str: 10    XL:     5   Next: 25%
Magic:  7/7        EV: 11    Int: 14    God:
Gold:   259        SH:  0    Dex: 18    Spells: 4/4 levels left

rFire   + . .        Y - +1 shortbow
rCold   + . .        (shield currently unavailable)
rNeg    . . .        c - +2 ring mail {rPois}
rPois   +            (no helmet)
rElec   .            f - scarf {rC+ rF+}
rCorr   .            (no gloves)
SInv    .            (no boots)
Will    .....        (no amulet)
Stlth   +            (no ring)
HPRegen 0.24/turn    (no ring)
MPRegen 0.10/turn

%: no passive effects
@: no status effects
A: no striking features
a: no special abilities


You were in a sewer.
You visited 1 branch of the dungeon, and saw 4 of its levels.
You also visited: Sewer.

You collected 259 gold pieces.


   Skills:
 - Level 1.5 Fighting
 + Level 8.7 Ranged Weapons
 - Level 2.4 Dodging
 - Level 1.2 Stealth


You had 4 spell levels left.
You didn't know any spells.
Your spell library was empty.

Inventory:

Hand Weapons
 Y - a +1 shortbow (weapon)
Armour
 c - a +2 ring mail of poison resistance (worn)
 f - a scarf of resistance (worn)
Scrolls
 g - a scroll of identify
Potions
 a - a potion of haste {unknown}
 b - a potion of ambrosia {unknown}
 d - a potion of resistance {unknown}
 e - a potion of mutation {unknown}
 h - a potion of lignification {unknown}
 i - a potion of curing {unknown}

Dungeon Overview and Level Annotations

Branches:
Dungeon (4/15)              Sewer (1/1)
 Temple: D:4-7

Altars:

Shops:
D:2 =   D:3 :

Portals:
Abyss: D:3

Annotations:
D:3 2 transporters, qw's ghost, amateur DEHu


Message History

The kobold barely misses you.
The kobold brigand hits you with a +0 short sword.
The kobold hits you but does no damage.
You shoot an arrow.
The arrow closely misses the kobold brigand.
The kobold hits you with a +0 short sword.
The kobold brigand hits you but does no damage.
The kobold hits you but does no damage.
You shoot an arrow. The arrow hits the kobold brigand!
The kobold brigand is severely wounded.
The kobold hits you but does no damage. The kobold brigand closely misses you.
The kobold hits you but does no damage.
You shoot an arrow.
The arrow barely misses the kobold brigand.
The kobold closely misses you.
The kobold brigand hits you with a +0 short sword.
The kobold hits you but does no damage.
You shoot an arrow.
The arrow hits the kobold brigand but does no damage.
The kobold brigand is severely wounded.
The kobold closely misses you. The kobold brigand closely misses you.
The kobold barely misses you.
The kobold brigand hits you but does no damage.
The kobold misses you. The kobold closely misses you.
You shoot an arrow.
The arrow hits the kobold brigand but does no damage.
The kobold brigand is severely wounded.
The kobold barely misses you. The kobold brigand closely misses you.
The kobold closely misses you.
You shoot an arrow.
The arrow completely misses the kobold brigand.
The kobold hits you with a +0 short sword.
The kobold brigand hits you with a +0 short sword.
The kobold hits you but does no damage.
You shoot an arrow.
The arrow hits the kobold brigand but does no damage.
The kobold brigand is severely wounded.
The kobold misses you.
The kobold brigand hits you with a +0 short sword.
You die...

#.......~~~~~
##....~~~~~~~
##....~~~~~~
#....~~~~~~
##....~~~~~~
#....~~~~~~~
#....~~~~~~~
##...~~~~~~~
#.K@K~~~~~~
###K####~#~
... ~ .....
##.).## .....
!.#.) ### ###


You could see a kobold brigand and 2 kobolds.

Vanquished Creatures
  Ijyb (D:3)
  A gnoll (D:4)
  3 adders
  2 river rats (Sewer)
  2 worms
  A dart slug (D:2)
  2 ball pythons (D:2)
  5 endoplasms
  A giant cockroach (D:2)
  7 goblins
  6 hobgoblins
  9 jackals
  10 kobolds
  2 quokkas
  9 bats
  17 rats
78 creatures vanquished.

Notes
Turn   | Place    | Note
-------+----------+-------------------------------------------
     0 | D:1      | qw the Deep Elf Hunter began the quest for the Orb.
     0 | D:1      | Reached XP level 1. HP: 12/12 MP: 3/3
     0 | D:1      | 0 ||| qw: Version: 0.3-a-9-g12657ce
     0 | D:1      | 0 ||| qw: Game counter: 2442
     0 | D:1      | 0 ||| qw: Always use a shield: true
     0 | D:1      | 0 ||| qw: God list: Okawaru
     0 | D:1      | 0 ||| qw: Allow faded altars: false
     0 | D:1      | 0 ||| qw: Do Orc after D:15 true
     0 | D:1      | 0 ||| qw: Do second Lair branch before Depths: true
     0 | D:1      | 0 ||| qw: Lair rune preference: random
     0 | D:1      | 0 ||| qw: Plans: Normal
     0 | D:1      | 0 ||| PLANNING D:1-11
   155 | D:1      | Reached XP level 2. HP: 16/16 MP: 4/4
   157 | D:1      | Reached skill level 6 in Ranged Weapons
   264 | D:1      | HP: 4/16 [kobold/+0 short sword (2)]
   524 | D:1      | Reached XP level 3. HP: 19/20 MP: 5/5
   714 | D:1      | 714 ||| UPGRADING to +0 ring mail.
   724 | D:1      | 724 ||| DROPPING +0 leather armour.
   725 | D:1      | 725 ||| READING scroll labelled WOL PEOGIJ.
   726 | D:1      | 726 ||| READING scroll labelled FEONAIT MOOBUBOFF.
   727 | D:1      | 727 ||| READING scroll labelled HAGIMA WUTETOI.
   728 | D:1      | 728 ||| DROPPING scroll of butterflies.
   764 | D:2      | 764 ||| STAIRDANCE
   771 | D:1      | Reached skill level 7 in Ranged Weapons
   985 | D:2      | Found a faded altar of an unknown god.
  1075 | D:2      | Found Ciunofig's Jewellery Shoppe.
  1083 | D:2      | 1083 ||| SHOPLISTING amulet of reflection (330 gold, have
                  | 168).
  1083 | D:2      | 1083 ||| SHOPLISTING ring of fire (275 gold, have 168).
  1083 | D:2      | 1083 ||| SHOPLISTING ring of positive energy (220 gold,
                  | have 168).
  1096 | D:2      | Reached XP level 4. HP: 25/25 MP: 6/6
  1402 | D:2      | 1402 ||| UPGRADING to +2 ring mail of poison resistance.
  1412 | D:2      | 1412 ||| DROPPING +0 ring mail.
  1413 | D:2      | 1413 ||| UPGRADING to scarf of resistance.
  1418 | D:2      | 1418 ||| READING scroll labelled SAGGELL ADETEA.
  1465 | D:3      | Noticed Ijyb
  1472 | D:3      | Killed Ijyb
  1473 | D:3      | Reached skill level 8 in Ranged Weapons
  1533 | D:3      | Found a transporter.
  1607 | D:3      | Found a transporter.
  1667 | D:3      | Found a one-way gate to the infinite horrors of the Abyss.
  1667 | D:3      | Noticed a kobold brigand
  1671 | D:3      | Noticed qw's ghost (amateur DEHu)
  1861 | D:3      | Found Uffegow's Book Boutique.
  1906 | D:3      | 1906 ||| READING scroll labelled ENOSIO HORPHADO.
  2069 | D:4      | 2069 ||| PLANNING SEWER
  2078 | D:4      | Reached XP level 5. HP: 29/29 MP: 7/7
  2093 | D:4      | Found a glowing drain.
  2096 | D:4      | 2096 ||| READING scroll labelled VEPROX GUM KUKLA.
  2103 | D:4      | 2103 ||| Stepping ~*~*~tactically~*~*~ (water).
  2116 | Sewer    | Entered a sewer
  2294 | Sewer    | HP: 2/29 [kobold brigand/+0 short sword (6)]
  2295 | Sewer    | Slain by a kobold brigand

Levels and vault maps discovered:
D:1:      minmay_arrival_widening_spiral_wide, layout_basic
D:2:      layout_basic, shapermc_ecumenical_altar_mp_vishouse, serial_shops,
          shop, minmay_pentomino_z2
D:3:      layout_basic, serial_shops, nicolae_shop_pleasant_corner_grove,
          gammafunk_ghost_abyssal_escape, amcnicky_mini_corridor_feature,
          uniq_ijyb
D:4:      layout_basic, jmf_multi_god_temple2, cheibrodos_sewer_entry_drain,
          minmay_misc_feat_more_columns, kennysheep_generic_room_10, uniq_robin
Sewer:    sewer_minmay_treatment

Skill      XL: |  1  2  3  4 |
---------------+-------------+-----
Ranged Weapons | 6 7 8 |  8.7
Fighting       | |  1.5
Dodging        | |  2.4
Stealth        | |  1.2

Action                     |  1- 3 |  4- 6 || total
---------------------------+-------+-------++-------
   Fire: Shortbow          |   133 |   108 ||   241
    Use: Scroll            |     3 |     3 ||     6
 Armour: Leather armour    |    11 |       ||    11
         Ring mail         |     9 |    23 ||    32
  Dodge: Dodged            |    62 |    39 ||   101

Table legend:
 A = Non-vault XP
 B = Vault XP
 C = Vault XP percentage of total XP
 D = Non-vault monster count
 E = Vault monster count
 F = Vault count percentage of total count
                 A         B        C        D         E       F
            +---------+---------+-------+---------+---------+-------
      Total |     160 |      83 |  34.2 |      61 |      17 |  21.8
            +---------+---------+-------+---------+---------+-------
        D:1 |      61 |       0 |   0.0 |      30 |       0 |   0.0
        D:2 |      60 |       3 |   4.8 |      18 |       2 |  10.0
        D:3 |      22 |      36 |  62.1 |      11 |       1 |   8.3
        D:4 |      17 |       7 |  29.2 |       2 |       3 |  60.0
      Sewer |       0 |      37 | 100.0 |       0 |      11 | 100.0
            +---------+---------+-------+---------+---------+-------
